 Dungeon Crawl Stone Soup version 0.31.0-11-ge490571c62 (webtiles) character file.

Game seed: 173696000976137464

309 qw the Shooter (level 6, -4/30 HPs)
             Began as a Spriggan Hunter on Feb 4, 2024.
             Incinerated by a bombardier beetle (6 damage)
             ... with a burning spray
             ... on level 4 of the Dungeon.
             The game lasted 00:01:24 (2237 turns).

qw the Shooter (Spriggan Hunter)                    Turns: 2237, Time: 00:01:25

Health: -4/30      AC:  3    Str:  7    XL:     6   Next: 17%
Magic:  7/7        EV: 21    Int: 10    God:
Gold:   223        SH:  0    Dex: 21    Spells: 5/5 levels left

rFire   . . .        g - +3 orcbow (flame)
rCold   . . .        (shield currently unavailable)
rNeg    . . .        c - +0 robe
rPois   .            (helmet restricted)
rElec   .            k - +0 cloak
rCorr   .            (gloves unavailable)
SInv    +            (boots unavailable)
Will    +....        (no amulet)
Stlth   +            (no ring)
HPRegen 0.25/turn    (no ring)
MPRegen 0.10/turn

%: no passive effects
@: on fire, glowing, very quick
A: very small, no large weapons, unfitting armour, see invisible, speed 3
a: no special abilities


You were on level 4 of the Dungeon.
You visited 1 branch of the dungeon, and saw 4 of its levels.

You collected 223 gold pieces.


Innate Abilities, Weirdness & Mutations

You are very small and have problems with some larger weapons.
You are too small for most types of armour.
You have supernaturally acute eyesight. (SInv)
You cover ground extremely quickly. (Speed+++)


   Skills:
 - Level 2.2 Fighting
 - Level 6.0 Ranged Weapons
 + Level 5.8 Dodging
 - Level 1.5 Stealth


You had 5 spell levels left.
You didn't know any spells.
Your spell library was empty.

Inventory:

Hand Weapons
 g - a +3 orcbow of flaming (weapon)
Armour
 c - a +0 robe (worn)
 k - a +0 cloak (worn)
Jewellery
 i - a ring of ice
Wands
 a - a wand of paralysis (13)
Scrolls
 b - a scroll of teleportation {unknown}
Potions
 d - 2 potions of mutation {unknown}
 e - 3 potions of curing
 h - a potion of experience {unknown}

Dungeon Overview and Level Annotations

Branches:
Dungeon (4/15)
 Temple: D:4-7

Altars:
Yredelemnul


Message History

You shoot an arrow. The arrow hits the hound.
The arrow burns the hound.
The hound is almost dead.
The hound closely misses you.
You shoot an arrow. The arrow hits the hound!
The arrow burns the hound.
You kill the hound!
You have reached level 6!
A quokka comes into view.
You shoot an arrow. The arrow hits the quokka.
The arrow burns the quokka.
The quokka is severely wounded.
You shoot an arrow. The arrow hits the quokka.
The arrow burns the quokka.
You kill the quokka!
You feel your strength returning.
A bombardier beetle comes into view.
You shoot an arrow. The arrow hits the bombardier beetle.
The arrow burns the bombardier beetle.
The bombardier beetle is severely wounded.
The bombardier beetle sprays incendiary fluid at you.
The burning spray hits you.
You are covered in liquid fire!
You shoot an arrow. The arrow hits the bombardier beetle!
The arrow burns the bombardier beetle.
You kill the bombardier beetle!
The liquid fire burns you!
You are on fire!
The liquid fire burns you!
You are on fire!
The liquid fire burns you!
You are on fire!
The liquid fire burns you!
You are on fire!
The liquid fire burns you!
You are on fire!
The liquid fire burns you!
You are on fire!
The liquid fire burns you!
You are on fire!
The liquid fire burns you!
You are on fire!
The liquid fire burns you!
You die...

...........##
.............
.............
#...........
###....%.#...
.......###.#.###########
....#..# .............
....#..#.#.#.#..........
###.#[.#.#.#.#.#@.......
#.#..#.#.#.#...#......
#.#..#.#.#.....# #%...
#.#..#.#.#.#...# ...
#.#..#.#...#...#... .
#..#.#.#.......#
#....#............
#.#%.............#
#..................


There were no monsters in sight!

Vanquished Creatures
  2 bombardier beetles (D:4)
  A jelly (D:4)
  2 hounds (D:4)
  A sleepcap (D:4)
  A hound zombie (D:3)
  2 adders
  2 adder zombies (D:3)
  4 dart slugs
  A ribbon worm (D:2)
  An orc (D:3)
  11 endoplasms
  4 giant cockroaches
  5 hobgoblins
  6 kobolds
  5 quokkas
  4 ball pythons
  A ball python zombie (D:3)
  5 bats
  4 frilled lizards
  8 goblins
  6 rats
76 creatures vanquished.

Notes
Turn   | Place    | Note
-------+----------+-------------------------------------------
     0 | D:1      | qw the Spriggan Hunter began the quest for the Orb.
     0 | D:1      | Reached XP level 1. HP: 10/10 MP: 2/2
     0 | D:1      | 0 ||| qw: Version: 0.3-a-160-g6735b56
     0 | D:1      | 0 ||| qw: Game counter: 6042
     0 | D:1      | 0 ||| qw: Melee chars always use a shield: true
     0 | D:1      | 0 ||| qw: God list: Okawaru
     0 | D:1      | 0 ||| qw: Allow faded altars: false
     0 | D:1      | 0 ||| qw: Do Orc after clearing Dungeon:15 true
     0 | D:1      | 0 ||| qw: Do second Lair branch before Depths: true
     0 | D:1      | 0 ||| qw: Lair rune preference: random
     0 | D:1      | 0 ||| qw: Goals: Normal
     0 | D:1      | 0 ||| PLANNING D:1-11
    48 | D:1      | Reached skill level 3 in Dodging
    92 | D:1      | Reached XP level 2. HP: 14/14 MP: 3/3
   225 | D:1      | Found a faded altar of an unknown god.
   479 | D:1      | 479 ||| DROPPING scroll of butterflies.
   707 | D:2      | Reached XP level 3. HP: 18/18 MP: 4/4
  1252 | D:2      | 1252 ||| READING scroll labelled MYURCH YZOUT.
  1253 | D:2      | 1253 ||| READING 2 scrolls labelled IROAXANNEF.
  1254 | D:2      | 1254 ||| DRINKING 3 white potions.
  1255 | D:2      | 1255 ||| DROPPING scroll of blinking.
  1257 | D:2      | 1257 ||| Stepping ~*~*~tactically~*~*~ (cloud).
  1392 | D:3      | Reached skill level 5 in Ranged Weapons
  1401 | D:3      | Reached XP level 4. HP: 22/22 MP: 5/5
  1456 | D:3      | 1456 ||| FLEEEEING.
  1457 | D:3      | 1457 ||| FLEEEEING.
  1458 | D:3      | 1458 ||| FLEEEEING.
  1762 | D:3      | Found a basalt altar of Yredelemnul.
  1812 | D:3      | 1812 ||| UPGRADING to +0 cloak.
  1817 | D:3      | 1817 ||| READING scroll labelled GIQA XOC ILEARYBAJ.
  1817 | D:3      | Identified a scroll of acquirement
  1817 | D:3      | 1817 ||| ACQUIRING +3 orcbow of flaming
  1817 | D:3      | Acquired a +3 orcbow of flaming
  1819 | D:3      | 1819 ||| SWAPPING to +3 orcbow of flaming.
  1820 | D:3      | 1820 ||| DROPPING +0 shortbow.
  1821 | D:3      | 1821 ||| READING scroll labelled SEQYWE OMAECW.
  1821 | D:3      | 1821 ||| IDENTIFYING clear potion
  1822 | D:3      | 1822 ||| READING scroll labelled JITOUJ TUBIUSA.
  1823 | D:3      | 1823 ||| DRINKING 2 smoky pink potions.
  1824 | D:3      | 1824 ||| DRINKING 2 viscous pink potions.
  1825 | D:3      | 1825 ||| DROPPING potion of berserk rage.
  1826 | D:3      | 1826 ||| DROPPING potion of attraction.
  1827 | D:3      | 1827 ||| DROPPING potion of degeneration.
  1849 | D:4      | Reached XP level 5. HP: 7/26 MP: 6/6
  2087 | D:4      | Reached skill level 6 in Ranged Weapons
  2215 | D:4      | Reached XP level 6. HP: 30/30 MP: 7/7
  2235 | D:4      | HP: 5/30 [burnt (6)]
  2236 | D:4      | HP: 2/30 [burnt (3)]
  2237 | D:4      | Incinerated by a bombardier beetle

Levels and vault maps discovered:
D:1:      dpeg_arrival_court, layout_rooms, ebering_ecumenical_altar_webs
D:2:      layout_basic
D:3:      layout_basic, nicolae_yredelemnul_corpse_copse, minmay_surrounded
D:4:      layout_basic

Skill      XL: |  1  2  3  4  5 |
---------------+----------------+-----
Dodging        | 3 4 5 |  5.8
Ranged Weapons | 5 6 |  6.0
Fighting       | 2 |  2.2
Stealth        | |  1.5

Action                     |  1- 3 |  4- 6 || total
---------------------------+-------+-------++-------
   Fire: Shortbow          |    99 |    65 ||   164
         Orcbow            |       |    40 ||    40
    Use: Scroll            |     2 |     3 ||     5
         Potion            |     1 |     2 ||     3
 Armour: Robe              |     3 |    14 ||    17
  Dodge: Dodged            |    22 |    33 ||    55

Table legend:
 A = Non-vault XP
 B = Vault XP
 C = Vault XP percentage of total XP
 D = Non-vault monster count
 E = Vault monster count
 F = Vault count percentage of total count
                 A         B        C        D         E       F
            +---------+---------+-------+---------+---------+-------
      Total |     406 |      36 |   8.1 |      70 |       6 |   7.9
            +---------+---------+-------+---------+---------+-------
        D:1 |      31 |       0 |   0.0 |      19 |       0 |   0.0
        D:2 |      48 |       0 |   0.0 |      17 |       0 |   0.0
        D:3 |      44 |      36 |  45.0 |      18 |       6 |  25.0
        D:4 |     283 |       0 |   0.0 |      16 |       0 |   0.0
            +---------+---------+-------+---------+---------+-------
